 Dungeon Crawl Stone Soup version 0.31-a0-825-gf28bc0971e (webtiles) character file.

Game seed: 15650165160244658949

678 qw the Shooter (level 7, 0/43 HPs)
             Began as a Gargoyle Hunter on Sept 23, 2023.
             Was an Initiate of Okawaru.
             Killed by nerve-wracking pain
             ... invoked by an orc priest
              (3 damage)
             ... on level 5 of the Dungeon.
             The game lasted 00:01:30 (3564 turns).

qw the Shooter (Gargoyle Hunter)                    Turns: 3564, Time: 00:01:31

Health: 0/43       AC: 12    Str: 15    XL:     7   Next: 60%
Magic:  7/7        EV: 11    Int:  9    God:    Okawaru [......]
Gold:   22         SH:  0    Dex: 15    Spells: 6/6 levels left

rFire   . . .        Y - +1 shortbow
rCold   + + .        (shield currently unavailable)
rNeg    + . .        i - +0 ring mail
rPois   inf          d - +0 helmet
rElec   +            (no cloak)
rCorr   .            f - +0 pair of gloves
SInv    .            (no boots)
Will    .....        g - amulet of the acrobat
Stlth   +            h - ring of protection from cold
HPRegen 0.27/turn    k - ring of protection from cold
MPRegen 0.10/turn

%: acrobat
@: no status effects
A: sickness immunity, AC +4, negative energy resistance 1, electricity
resistance, torment resistance 1, petrification resistance
a: Renounce Religion


You were on level 5 of the Dungeon.
You worshipped Okawaru.
Okawaru was noncommittal.
You visited 2 branches of the dungeon, and saw 6 of its levels.

You collected 239 gold pieces.
You spent 217 gold pieces at shops.


Innate Abilities, Weirdness & Mutations

You are immune to sickness and miasma.
Your stone body is resilient. (AC +4)
You are immune to poison.
You resist negative energy. (rN+)
You are resistant to electric shocks. (rElec)
You are resistant to unholy torment.
You are immune to petrification.


   Skills:
 - Level 4.1 Fighting
 + Level 7.6 Ranged Weapons
 - Level 3.1 Armour
 - Level 1.5 Dodging
 - Level 1.1 Stealth
 - Level 1.1 Invocations


You had 6 spell levels left.
You didn't know any spells.
Your spell library was empty.

Inventory:

Hand Weapons
 Y - a +1 shortbow (weapon)
Armour
 d - a +0 helmet (worn)
 f - a +0 pair of gloves (worn)
 i - a +0 ring mail (worn)
Jewellery
 g - an amulet of the acrobat (around neck)
 h - a ring of protection from cold (left hand)
 k - a ring of protection from cold (right hand)
Scrolls
 c - a scroll of identify
Potions
 a - a potion of cancellation
 b - a potion of enlightenment
 e - 2 potions of curing

Dungeon Overview and Level Annotations

Branches:
Dungeon (5/15)             Temple (1/1) D:4

Altars:
Ashenzari
Elyvilon
Gozag
Hepliaklqana
Kikubaaqudgha
Makhleb
Nemelex Xobeh
Okawaru
Ru
Sif Muna
Trog
Uskayaw
Wu Jian
Xom
Yredelemnul
Zin
The Shining One

Shops:
D:4 **

Annotations:
D:4 1 runed translucent door, Crazy Yiuf


Message History

You shoot an arrow.
The arrow hits the white imp but does no damage.
The white imp gestures at you. The puff of frost misses you.
You shoot an arrow. The arrow hits the white imp!
The white imp is severely wounded.
The white imp closely misses you.
You shoot an arrow. The arrow barely misses the white imp.
The arrow hits the orc priest!
The orc priest is almost dead.
The white imp gestures at you. The puff of frost hits you. You resist.
You shoot an arrow. The arrow closely misses the white imp.
The arrow closely misses the orc priest.
The white imp closely misses you.
The orc priest miscasts a cantrip.
You shoot an arrow. The arrow barely misses the white imp.
The arrow hits the orc priest but does no damage.
The orc priest is almost dead.
The white imp picks up a beetle and eats it.
The white imp gestures at you. The puff of frost misses you.
You shoot an arrow. The arrow hits the white imp!
You kill the white imp!
Okawaru accepts your kill.
You shoot an arrow. The arrow barely misses the orc priest.
The arrow hits the gnoll.
The gnoll is moderately wounded.
The orc priest calls down the wrath of Beogh upon you.
Beogh smites you!
You shoot an arrow. The arrow hits the orc priest.
The orc priest is almost dead.
The orc priest looks braver for a moment.
The orc priest misses you.
You shoot an arrow. The arrow barely misses the orc priest.
The arrow hits the gnoll.
The gnoll is heavily wounded.
The orc priest calls down the wrath of Beogh upon you.
Pain shoots through your body!
You die...

#.# #.###.####### #.#
#.#...##....# #.#
#......#.##.# #.#
#...##.#.##.###
#######.#
#..=...#.##...#
........#
##.......####.#
........#####.#######
#.# .....))S##..!.#
#.# ....!)#go@....#
#.# .....
####.#.....# ##.#
.... #.#####.# #...
..g ..> # #).. .S
.##.# ######.<. . ..
.# #...##... .. .#
#........ ... ##
#....#... #....####


You could see an orc priest, a gnoll and an adder.

Vanquished Creatures
  An acid dragon (D:4)
  A black bear (D:5)
  A bullfrog (D:4)
  A scorpion (D:4)
  A howler monkey (D:4)
  3 hounds
  Terence (D:2)
  7 gnolls
  5 adders
  A white imp (D:5)
  2 dart slugs
  10 orcs
  4 bats
  5 endoplasms
  5 giant cockroaches
  5 hobgoblins
  9 jackals
  A quokka (D:3)
  4 ball pythons
  3 frilled lizards (D:2)
  8 goblins
  4 kobolds
  3 rats
85 creatures vanquished.

Vanquished Creatures (others)
  An orc (D:5)
1 creature vanquished.

Grand Total: 86 creatures vanquished

Notes
Turn   | Place    | Note
-------+----------+-------------------------------------------
     0 | D:1      | qw the Gargoyle Hunter began the quest for the Orb.
     0 | D:1      | Reached XP level 1. HP: 12/12 MP: 1/1
     0 | D:1      | 0 ||| qw: Version: 0.3-a-83-gcd0e7d8
     0 | D:1      | 0 ||| qw: Game counter: 1812
     0 | D:1      | 0 ||| qw: Melee chars always use a shield: true
     0 | D:1      | 0 ||| qw: God list: Okawaru
     0 | D:1      | 0 ||| qw: Allow faded altars: false
     0 | D:1      | 0 ||| qw: Do Orc after clearing Dungeon:15 true
     0 | D:1      | 0 ||| qw: Do second Lair branch before Depths: true
     0 | D:1      | 0 ||| qw: Lair rune preference: random
     0 | D:1      | 0 ||| qw: Goals: Normal
     0 | D:1      | 0 ||| PLANNING D:1-11
   169 | D:1      | Reached XP level 2. HP: 17/17 MP: 2/2
   481 | D:1      | 481 ||| UPGRADING to amulet of the acrobat.
   486 | D:1      | 486 ||| READING 2 scrolls labelled XAALIG WAZIWAT.
   487 | D:1      | 487 ||| READING scroll labelled KIYRUG WIABROCKI.
   488 | D:1      | 488 ||| READING scroll labelled WUTHIURCHOT.
   493 | D:1      | 493 ||| DROPPING scroll of fog.
   494 | D:1      | 494 ||| DROPPING scroll of butterflies.
   522 | D:2      | You fall into a shaft and drop 1 floor!
   522 | D:3      | Found an ancient bone altar of Kikubaaqudgha.
   586 | D:3      | Reached XP level 3. HP: 21/21 MP: 3/3
   609 | D:3      | Reached skill level 5 in Ranged Weapons
   658 | D:3      | 658 ||| UPGRADING to +0 helmet.
   663 | D:3      | 663 ||| READING scroll labelled JYSSUM QUFOROO.
   792 | D:2      | Noticed Terence
   798 | D:2      | Reached skill level 3 in Fighting
   799 | D:2      | Reached XP level 4. HP: 28/28 MP: 4/4
   811 | D:2      | HP: 3/28 [Terence/+0 flail (5)]
   813 | D:2      | Killed Terence
   998 | D:2      | Found a faded altar of an unknown god.
  1156 | D:3      | Found a hide-covered altar of Uskayaw.
  1257 | D:3      | Found a shimmering blue altar of Sif Muna.
  1447 | D:3      | Reached XP level 5. HP: 15/32 MP: 5/5
  1661 | D:3      | 1661 ||| UPGRADING to ring of protection from cold.
  1671 | D:4      | 1671 ||| STAIRDANCE
  1683 | D:4      | 1683 ||| STAIRDANCE
  1698 | D:3      | HP: 8/32 [orc/+0 short sword (3)]
  1798 | D:3      | 1798 ||| UPGRADING to +0 ring mail.
  1808 | D:3      | 1808 ||| DROPPING +0 leather armour.
  1812 | D:4      | 1812 ||| STAIRDANCE
  1847 | D:4      | 1847 ||| STAIRDANCE
  1854 | D:3      | Reached skill level 1 in Armour
  1861 | D:4      | 1861 ||| STAIRDANCE
  1870 | D:3      | Reached skill level 6 in Ranged Weapons
  1928 | D:4      | Found an ornate altar of the Wu Jian Council.
  1980 | D:4      | Found an opulent altar of Gozag.
  2015 | D:4      | Found a staircase to the Ecumenical Temple.
  2016 | D:4      | 2016 ||| PLANNING TEMPLE
  2016 | D:4      | 2016 ||| READING scroll labelled WOYLIEJOSURA.
  2037 | D:4      | 2037 ||| READING scroll labelled JYMEM AGRUHOI.
  2038 | D:4      | 2038 ||| DRINKING 2 red potions.
  2050 | D:4      | Reached XP level 6. HP: 38/38 MP: 6/6
  2051 | Temple   | Entered the Ecumenical Temple
  2052 | Temple   | 2052 ||| PLANNING OKAWARU WORSHIP
  2063 | Temple   | Became a worshipper of Warmaster Okawaru
  2064 | Temple   | 2064 ||| PLANNING D:1-11
  2214 | D:4      | Found a glowing golden altar of the Shining One.
  2285 | D:4      | HP: 8/38 [scorpion (3)]
  2286 | D:4      | 2286 ||| READING scroll of teleportation.
  2287 | D:4      | 2287 ||| DRINKING potion of heal wounds.
  2355 | D:4      | Reached * piety under Okawaru
  2356 | D:4      | Reached skill level 7 in Ranged Weapons
  2451 | D:4      | Found a runed translucent door.
  2452 | D:4      | Noticed Crazy Yiuf
  2502 | D:4      | Found Jowkainy's General Store.
  2504 | D:4      | Found Siekuf's Specific Store.
  2511 | D:4      | 2511 ||| BUYING +0 pair of gloves (63 gold).
  2511 | D:4      | Bought a +0 pair of gloves for 63 gold pieces
  2511 | D:4      | 2511 ||| BUYING 3 scrolls of identify (84 gold).
  2511 | D:4      | Bought 3 scrolls of identify for 84 gold pieces
  2511 | D:4      | 2511 ||| BUYING potion of heal wounds (70 gold).
  2511 | D:4      | Bought a potion of heal wounds for 70 gold pieces
  2515 | D:4      | 2515 ||| SHOPLISTING +1 helmet (115 gold, have 22).
  2575 | D:4      | 2575 ||| UPGRADING to +0 pair of gloves.
  2580 | D:4      | 2580 ||| UPGRADING to ring of protection from cold.
  2581 | D:4      | 2581 ||| READING scroll labelled LEMUSEMERO.
  2582 | D:4      | 2582 ||| DRINKING 2 coppery potions.
  2583 | D:4      | 2583 ||| READING 4 scrolls of identify.
  2583 | D:4      | 2583 ||| IDENTIFYING dark potion
  2584 | D:4      | 2584 ||| READING 3 scrolls of identify.
  2584 | D:4      | 2584 ||| IDENTIFYING glowing orange potion
  2585 | D:4      | 2585 ||| READING 2 scrolls of identify.
  2585 | D:4      | 2585 ||| IDENTIFYING viscous green potion
  2586 | D:4      | 2586 ||| DROPPING potion of invisibility.
  2620 | D:5      | Entered Level 5 of the Dungeon
  2620 | D:5      | Noticed an acid dragon
  2621 | D:5      | 2621 ||| PLANNING SEWER
  2622 | D:5      | 2622 ||| STAIRDANCE
  2732 | D:5      | 2732 ||| STAIRDANCE
  2808 | D:5      | 2808 ||| INVOKING Heroism.
  2809 | D:5      | HP: 8/38 [acid dragon (10)]
  2810 | D:5      | 2810 ||| DRINKING potion of heal wounds.
  2811 | D:5      | 2811 ||| STAIRDANCE
  2818 | D:4      | HP: 5/38 [acid dragon (8)]
  2820 | D:4      | Killed an acid dragon
  2821 | D:4      | Reached skill level 3 in Armour
  2821 | D:4      | Reached XP level 7. HP: 4/43 MP: 5/7
  3032 | D:5      | 3032 ||| STAIRDANCE
  3110 | D:5      | 3110 ||| STAIRDANCE
  3202 | D:5      | 3202 ||| STAIRDANCE
  3284 | D:5      | 3284 ||| STAIRDANCE
  3288 | D:4      | Reached skill level 1 in Invocations
  3356 | D:5      | 3356 ||| STAIRDANCE
  3452 | D:5      | 3452 ||| RIP SEWER
  3452 | D:5      | 3452 ||| PLANNING D:1-11
  3483 | D:5      | 3483 ||| INVOKING Heroism.
  3549 | D:5      | 3549 ||| Stepping ~*~*~tactically~*~*~ (retreating).
  3554 | D:5      | 3554 ||| Stepping ~*~*~tactically~*~*~ (retreating).
  3562 | D:5      | HP: 2/43 [orc priest/divine providence (17)]
  3564 | D:5      | Killed from afar by an orc priest

Levels and vault maps discovered:
D:1:      eino_arrival_water_cross, layout_basic, minmay_heptomino_l4
D:2:      layout_rooms, ebering_ecumenical_altar_webs, uniq_terence
D:3:      layout_basic, mainiacjoe_overflow_boulevard,
          mainiacjoe_overflow_big_doors
D:4:      layout_rooms, nicolae_gozag_cash_rules_everything_around_me,
          mainiacjoe_overflow_tiny_flanked, lemuel_doored_altar,
          minmay_temple_entry_stoned_glass, nicolae_specific_store,
          uniq_crazy_yiuf_cottage
D:5:      layout_basic, cheibrodos_sewer_entry_drain
Temple:   minmay_temple_curvy_loop

Skill      XL: |  1  2  3  4  5  6  7 |
---------------+----------------------+-----
Ranged Weapons | 5 6 7 |  7.6
Fighting       | 3 4 |  4.1
Armour         | 1 3 |  3.1
Invocations    | 1 |  1.1
Dodging        | |  1.5
Stealth        | |  1.1

Action                     |  1- 3 |  4- 6 |  7- 9 || total
---------------------------+-------+-------+-------++-------
   Fire: Shortbow          |    96 |   190 |    49 ||   335
 Invoke: Heroism           |       |     1 |     1 ||     2
    Use: Scroll            |     4 |     7 |       ||    11
         Potion            |       |     4 |       ||     4
 Armour: Leather armour    |    18 |    50 |       ||    68
         Ring mail         |       |    89 |    32 ||   121
  Dodge: Dodged            |    15 |   117 |    27 ||   159

Table legend:
 A = Non-vault XP
 B = Vault XP
 C = Vault XP percentage of total XP
 D = Non-vault monster count
 E = Vault monster count
 F = Vault count percentage of total count
                 A         B        C        D         E       F
            +---------+---------+-------+---------+---------+-------
      Total |     923 |      46 |   4.7 |      82 |       4 |   4.7
            +---------+---------+-------+---------+---------+-------
        D:1 |      17 |       8 |  32.0 |      11 |       3 |  21.4
        D:2 |      43 |      38 |  46.9 |      13 |       1 |   7.1
        D:3 |     132 |       0 |   0.0 |      21 |       0 |   0.0
        D:4 |     561 |       0 |   0.0 |      30 |       0 |   0.0
        D:5 |     170 |       0 |   0.0 |       7 |       0 |   0.0
            +---------+---------+-------+---------+---------+-------
